AoeStats
← El_antipasto

Black Forest

509689241Analyzed
4v4 RM · 6d ago on Sep 27, 2026· 50m 29s· 8 players
Game mode
Random Map
Map size
Large (8 player)
Population
200
Speed
Normal
Resources
Standard
Victory
Conquest
Starting age
Dark Age
Ending age
Imperial Age
RankedLock teamsTeams togetherTeam positionsShared explorationLock speedFull tech treeHidden civsTurbo modeCheats
Victory
Defeat
🇵🇪 Poles · Peru
1139
+15
🇺🇸 Japanese · United States
1131
+15
🇦🇷 Celts · Argentina
1109
+16
🇦🇷 Khmer · Argentina
1094
+17
🇰🇬 Goths · Kyrgyzstan
1135
-17
🇷🇴 Italians · Romania
1132
-16
1109
-16
🇹🇼 Danes · Taiwan
1077
-14
El_antipasto
3:56 Loom
11:35 Feudal Age
15:07 Castle Age
13:16 Double-Bit Axe
22:19 Horse Collar
28:43 Imperial Age
26:50 Wheelbarrow
30:17 Bow Saw
30:22 Husbandry
30:33 Bloodlines
32:01 Conscription
32:25 Double Crossbow
33:46 Heavy Scorpion
36:35 Chemistry
35:42 Siege Engineers
36:37 Fletching
36:48 Padded Archer Armor
39:00 Masonry
39:11 Ballistics
40:11 Bodkin Arrow
40:22 Scale Barding Armor
40:28 Forging
42:51 Heavy Plow
45:31 Hand Cart
45:02 Town Watch
46:20 Gold Mining
47:11 Elite Battle Elephant
48:19 Chain Barding Armor
48:35 Iron Casting
48:02 Bracer
51:12 Plate Barding Armor
51:38 Blast Furnace
iamjackscolon
1:36 Loom
9:59 Feudal Age
10:03 Man-at-Arms
12:28 Double-Bit Axe
12:34 Gold Mining
19:39 Fletching
20:43 Padded Archer Armor
21:46 Horse Collar
24:07 Wheelbarrow
28:27 Castle Age
29:28 Bodkin Arrow
30:18 Bow Saw
31:09 Guard Tower
32:50 Ballistics
37:26 Imperial Age
35:12 Hand Cart
35:55 Yasama
36:03 Murder Holes
35:50 Elite Skirmisher
36:58 Scale Mail Armor
37:09 Forging
36:22 Long Swordsman
37:03 Squires
39:00 Chain Mail Armor
38:52 Gambesons
39:37 Heavy Plow
40:16 Conscription
41:47 Two-Handed Swordsman
43:36 Plate Mail Armor
43:42 Iron Casting
43:19 Pikeman
44:08 Halberdier
44:10 Champion
45:07 Arson
46:34 Two-Man Saw
45:56 Bracer
46:57 Blast Furnace
47:00 Chemistry
45:42 Treadmill Crane
47:15 Caravan
46:44 Elite Samurai
48:11 Town Watch
El codorniz negro
11:18 Loom
13:54 Feudal Age
19:12 Castle Age
17:45 Double-Bit Axe
17:43 Horse Collar
22:03 Bow Saw
21:57 Heavy Plow
22:42 Wheelbarrow
22:57 Town Watch
27:43 Hand Cart
32:05 Town Patrol
35:01 Imperial Age
32:54 Gold Mining
32:55 Stone Mining
34:39 Forging
34:35 Scale Barding Armor
35:20 Stone Shaft Mining
35:14 Treadmill Crane
36:16 Iron Casting
36:03 Caravan
36:33 Coinage
36:38 Crop Rotation
36:44 Szlachta Privileges
37:17 Chain Barding Armor
37:01 Light Cavalry
37:53 Bloodlines
37:54 Winged Hussar
39:50 Husbandry
40:52 Blast Furnace
39:23 Cavalier
40:38 Lechitic Legacy
41:53 Conscription
BP MonoSimon
1:29 Loom
17:02 Feudal Age
20:07 Double-Bit Axe
21:34 Horse Collar
22:33 Man-at-Arms
22:59 Arson
26:00 Forging
30:47 Castle Age
31:37 Heavy Plow
31:32 Gold Mining
33:37 Wheelbarrow
32:48 Town Watch
35:09 Iron Casting
34:34 Scale Mail Armor
38:00 Chain Mail Armor
38:05 Hand Cart
40:56 Imperial Age
39:01 Gambesons
41:21 Capped Ram
42:52 Plate Mail Armor
43:00 Onager
44:23 Conscription
wusung67
4:51 Loom
12:21 Feudal Age
13:33 Man-at-Arms
15:56 Scale Mail Armor
21:06 Castle Age
19:53 Double-Bit Axe
19:50 Horse Collar
20:09 Gold Mining
22:54 Long Swordsman
27:41 Wheelbarrow
27:26 Bow Saw
27:18 Heavy Plow
27:55 Stone Mining
30:37 Stone Shaft Mining
33:00 Hand Cart
34:38 Gold Shaft Mining
36:37 Imperial Age
34:59 Squires
35:24 Chain Mail Armor
36:11 Forging
38:03 Iron Casting
37:00 Onager
37:14 Two-Handed Swordsman
37:40 Gambesons
37:53 Capped Ram
38:05 Champion
38:13 Northmen's Fury
40:31 Blast Furnace
40:49 Plate Mail Armor
40:23 Elite Varangian Guard
41:10 Pikeman
41:55 Fletching
42:25 Halberdier
43:40 Caravan
44:40 Siege Onager
46:25 Conscription
48:30 Scale Barding Armor
[OIDA] NoTradeBeforeImp
0:59 Loom
15:06 Feudal Age
19:35 Town Watch
22:28 Castle Age
21:24 Wheelbarrow
20:40 Double-Bit Axe
21:04 Horse Collar
26:06 Fletching
32:21 Heavy Plow
35:00 Hand Cart
34:54 Gold Mining
35:03 Stone Mining
36:46 Bow Saw
39:56 Imperial Age
38:52 Masonry
39:35 Forging
39:26 Scale Mail Armor
40:11 Fortified Wall
41:49 Chemistry
40:56 Siege Engineers
41:34 Architecture
41:35 Conscription
42:16 Torsion Engines
42:28 Royal Heirs
44:28 Town Patrol
45:42 Scale Mail Armor
45:42 Padded Archer Armor
45:38 Bodkin Arrow
46:18 Iron Casting
47:19 Two-Man Saw
46:48 Chain Mail Armor
47:55 Bracer
48:11 Leather Archer Armor
49:54 Blast Furnace
ionut_s
0:29 Loom
12:21 Feudal Age
20:09 Castle Age
18:18 Padded Archer Armor
18:09 Fletching
21:04 Crossbowman
25:38 Fletching
27:08 Horse Collar
34:57 Town Watch
42:10 Imperial Age
40:06 Double-Bit Axe
41:54 Ballistics
41:46 Masonry
44:23 Chemistry
43:55 Conscription
Te0n
3:43 Loom
11:26 Feudal Age
12:25 Double-Bit Axe
15:27 Castle Age
13:30 Horse Collar
16:47 Bow Saw
18:03 Heavy Plow
21:55 Wheelbarrow
22:13 Gold Mining
22:14 Stone Mining
22:59 Forging
24:47 Stone Shaft Mining
24:41 Man-at-Arms
25:21 Squires
25:43 Hand Cart
25:33 Scale Mail Armor
26:08 Iron Casting
26:23 Iron Casting
25:26 Long Swordsman
28:09 Chain Mail Armor
29:08 Treadmill Crane
29:28 Pikeman
32:48 Imperial Age
32:12 Town Watch
32:38 Anarchy
33:20 Town Patrol
33:20 Two-Handed Swordsman
33:20 Halberdier
35:06 Blast Furnace
34:09 Perfusion
34:30 Conscription
35:22 Two-Man Saw
34:25 Champion
36:50 Elite Huskarl
38:09 Fletching
38:00 Champion
42:11 Crop Rotation
43:32 Chemistry
42:53 Ballistics
Connection lost

Rejoining the realm…

Still unreachable

The connection could not be restored.

Session expired

The server has moved on; the page needs a fresh start.